 Dungeon Crawl Stone Soup version 0.28.0-45-g0d030f2227 (webtiles) character file.

Game seed: 16119224795299847270

174 Ablot the Grasshopper (level 5, -26/43 HPs)
             Began as a Gnoll Warper on Apr 7, 2022.
             Was a Plaything of Xom.
             Annihilated by an ogre
             ... wielding a +0 giant club
              (36 damage)
             ... on level 4 of the Dungeon.
             The game lasted 00:04:36 (4368 turns).

Ablot the Grasshopper (Gnoll Warper)                Turns: 4368, Time: 00:04:37

Health: -26/43     AC:  7    Str: 11    XL:     5   Next: 54%
Magic:  12/12      EV: 13    Int: 11    God:    Xom [..*...]
Gold:   138        SH:  0    Dex: 13    Spells: 12/14 levels left

rFire   . . .      SeeInvis .   v - +1 short sword (chaos)
rCold   . . .      Faith    .   (no shield)
rNeg    + . .      Spirit   .   b - +0 leather armour
rPois   +          Reflect  .   (no helmet)
rElec   .          Harm     .   q - +2 ratskin cloak {*Rats rPois rN+ Str-1 Int-1 Dex+1}
rCorr   .          Rampage  .   o - +0 pair of gloves
Will    .....                   (no boots)
Stlth   ++........              j - amulet of magic regeneration
HPRegen 0.14/turn               (no ring)
MPRegen 0.53/turn               (no ring)

@: no status effects
A: fangs 1, strong nose, distributed training
a: Renounce Religion


You were on level 4 of the Dungeon.
You worshipped Xom.
You were a toy of Xom.
You visited 1 branch of the dungeon, and saw 5 of its levels.

You collected 138 gold pieces.

Inventory:

Hand Weapons
 a - a +0 spear
 v - a +1 short sword of chaos (weapon)
Missiles
 d - 5 boomerangs of dispersal
 h - 66 arrows
 i - 164 stones
 k - 2 boomerangs (quivered)
 n - 2 javelins
 s - 33 sling bullets
 u - 40 bolts
Armour
 b - a +0 leather armour (worn)
 o - a +0 pair of gloves (worn)
 q - the +2 ratskin cloak (worn) {*Rats rPois rN+ Str-1 Int-1 Dex+1}
   (You found it on level 3 of the Dungeon)

   When the wearer is hurt, rats may emerge from it to assist them.
   Str:       It affects your strength (-1).
   Int:       It affects your intelligence (-1).
   Dex:       It affects your dexterity (+1).
   rPois:     It protects you from poison.
   rN:        It protects you from negative energy.
Magical Staves
 p - a staff of conjuration
Jewellery
 j - an amulet of magic regeneration (around neck)
Scrolls
 c - 3 scrolls of blinking
 f - a scroll of teleportation {unknown}
 g - 3 scrolls of identify {unknown}
 m - a scroll of noise {unknown}
 r - a scroll of vulnerability {unknown}
 w - a scroll of immolation {unknown}
 x - a scroll of brand weapon {unknown}
Potions
 e - 4 potions of curing {unknown}
 l - a potion of brilliance {unknown}
 t - a potion of attraction {unknown}


   Skills:
 + Level 4.8 Fighting
 + Level 1.5 Short Blades
 + Level 1.5 Long Blades
 + Level 1.5 Axes
 + Level 1.5 Maces & Flails
 + Level 4.8 Polearms
 + Level 1.5 Staves
 + Level 1.5 Slings
 + Level 1.5 Bows
 + Level 1.5 Crossbows
 + Level 3.0 Throwing
 + Level 3.0 Armour
 + Level 4.8 Dodging
 + Level 1.5 Stealth
 + Level 1.5 Shields
 + Level 1.5 Unarmed Combat
 + Level 5.2 Spellcasting
 + Level 1.2 Conjurations
 + Level 1.2 Hexes
 + Level 1.2 Summonings
 + Level 1.2 Necromancy
 + Level 5.5 Translocations
 + Level 1.2 Transmutations
 + Level 1.2 Fire Magic
 + Level 1.2 Ice Magic
 + Level 1.2 Air Magic
 + Level 1.2 Earth Magic
 + Level 1.2 Poison Magic
 + Level 1.7 Invocations
 + Level 1.5 Evocations


You had 12 spell levels left.
You knew the following spells:

 Your Spells              Type           Power      Damage    Failure   Level
a - Blink                 Tloc           30%        N/A       4%          2

Your spell library contained the following spells:

 Spells                   Type           Power      Damage    Failure   Level
 Gell's Gravitas          Tloc           15%        N/A       9%          3
 Lesser Beckoning         Tloc           15%        N/A       9%          3
 Teleport Other           Tloc           15%        N/A       9%          3
 Summon Small Mammal      Summ           20%        N/A       16%         1
 Call Canine Familiar     Summ           5%         N/A       43%         3
 Summon Guardian Golem    Hex/Summ       5%         N/A       43%         3
 Manifold Assault         Tloc           15%        N/A       58%         5


Dungeon Overview and Level Annotations

Branches:
Dungeon (5/15)
 Temple: D:4-7

Altars:
Fedhas
Kikubaaqudgha
Xom
Zin


Innate Abilities, Weirdness & Mutations

You have very sharp teeth.
Your uncanny sense of smell can sniff out nearby items.
Your experience applies equally to all skills.


Message History

"Go forth and cause havoc, mortal!"
You feel better.
There is a stone staircase leading up here.
Throw: 2 boomerangs
Press: ? - help, Q - select action, (/) - cycle Shift-Dir - straight line, f - ogre
Aim: an ogre, wielding a +0 giant club (75% to hit)
You throw a boomerang. The boomerang hits the ogre.
The ogre is lightly wounded.
The ogre barely misses you.
You hit the ogre.
The ogre goes berserk!
The ogre is lightly wounded.
The ogre barely misses you. The ogre misses you.
You climb upwards.
There is a stone staircase leading down here.
You hit the ogre. You drain the ogre.
The ogre is moderately wounded.
The ogre hits you with a +0 giant club!!
Ouch! That really hurt!
A shower of butterflies erupts from you!
A hell rat scurries out from under your cloak.
Unknown command.
The ogre completely misses your hell rat.
Your hell rat barely misses the ogre.
The ogre hits your hell rat with a +0 giant club!
Your hell rat dies!
You hit the ogre.
The ogre is poisoned.
The ogre is heavily wounded.
The ogre closely misses you.
Unknown command.
You hit the ogre.
The ogre flickers and vanishes!
Deactivating autopickup; reactivate with Ctrl-A.
Something hits you!
* * * LOW HITPOINT WARNING * * *
A hell rat scurries out from under your cloak.
Unknown command.
Something hits you!!!
Ouch! That really hurt!
You die...
Xom howls with laughter!

#...###.##...†..#.........†.#.###
#...# #.##.##.#.#.....#.#........
#...# #.##.##.#.#.<...#.#####....
#...# #..........######.#####.##.
#>..# ####.##.#..######.......##.
#...# #.##.#..##.......###....
....######.##.#..##..b....# #.###
#..........##....##)......# #....
###.............@...b.....# #.###
.####......##....##b......###.###
).############.r###..............
...## #.## #...>....##.##. ....#
#.# ########.##.##. .#########
#.# #.##.##. §###.....# #.#
#.##.##. §§######.# #.#########
#.##.##. §§§# #.# #.#.......#
#.......


You could see a friendly hell rat.

Vanquished Creatures
  A bullfrog skeleton (D:3)
  2 iguanas
  3 adders
  3 worms
  4 orcs (D:3)
  5 bats
  6 endoplasms
  A giant cockroach (D:2)
  5 goblins
  5 hobgoblins
  3 quokkas
  5 ball pythons
  3 frilled lizards
  A jackal skeleton (D:4)
  8 kobolds
  A quokka skeleton (D:4)
  2 rats
58 creatures vanquished.

Notes
Turn   | Place    | Note
-------+----------+-------------------------------------------
     0 | D:1      | Ablot the Gnoll Warper began the quest for the Orb.
     0 | D:1      | Reached XP level 1. HP: 20/20 MP: 6/6
   124 | D:1      | Reached XP level 2. HP: 13/26 MP: 7/7
   286 | D:1      | Learned a level 2 spell: Blink
   448 | D:1      | You fall into a shaft and drop 1 floor!
  1182 | D:2      | Reached XP level 3. HP: 31/31 MP: 9/9
  1193 | D:2      | Found a glowing silver altar of Zin.
  1260 | D:2      | Reached skill level 5 in Spellcasting
  1791 | D:3      | Reached skill level 1 in Short Blades
  1791 | D:3      | Reached skill level 1 in Long Blades
  1791 | D:3      | Reached skill level 1 in Axes
  1791 | D:3      | Reached skill level 1 in Maces & Flails
  1791 | D:3      | Reached skill level 1 in Staves
  1791 | D:3      | Reached skill level 1 in Slings
  1791 | D:3      | Reached skill level 1 in Bows
  1791 | D:3      | Reached skill level 1 in Crossbows
  1791 | D:3      | Reached skill level 1 in Stealth
  1791 | D:3      | Reached skill level 1 in Shields
  1791 | D:3      | Reached skill level 1 in Unarmed Combat
  1791 | D:3      | Reached skill level 1 in Invocations
  1791 | D:3      | Reached skill level 1 in Evocations
  1791 | D:3      | Reached XP level 4. HP: 14/38 MP: 11/11
  2236 | D:3      | Found an ancient bone altar of Kikubaaqudgha.
  2670 | D:3      | Found the +2 ratskin cloak {*Rats rPois rN+ Str-1 Int-1
                  | Dex+1}
  2943 | D:3      | Reached skill level 1 in Conjurations
  2943 | D:3      | Reached skill level 1 in Hexes
  2943 | D:3      | Reached skill level 1 in Summonings
  2943 | D:3      | Reached skill level 1 in Necromancy
  2943 | D:3      | Reached skill level 1 in Transmutations
  2943 | D:3      | Reached skill level 1 in Fire Magic
  2943 | D:3      | Reached skill level 1 in Ice Magic
  2943 | D:3      | Reached skill level 1 in Air Magic
  2943 | D:3      | Reached skill level 1 in Earth Magic
  2943 | D:3      | Reached skill level 1 in Poison Magic
  3467 | D:4      | Reached XP level 5. HP: 43/43 MP: 12/12
  3689 | D:4      | Found a blossoming altar of Fedhas.
  3841 | D:4      | Found a large runed translucent door.
  3841 | D:4      | Found a large runed translucent door.
  3842 | D:4      | Found a shimmering altar of Xom.
  3885 | D:4      | Became a worshipper of Xom the Less-Predictable
  3962 | D:4      | XOM: butterfly on damage
  4310 | D:5      | Entered Level 5 of the Dungeon
  4355 | D:5      | Noticed an ogre
  4355 | D:5      | XOM: potion effect (curing)
  4360 | D:4      | XOM: butterfly on damage
  4368 | D:4      | Annihilated by an ogre

Illustrated notes

Levels and vault maps discovered:
D:1:      lightli_arrival_quake, layout_rooms
D:2:      layout_loops_ring, basic_altar
D:3:      layout_loops_corners, kiku_gazebo_pond_becter,
          chequers_serial_rivers_large_a, patterned_corridor
D:4:      due_chaos_kobolds, layout_loops_cross, fedhas_ov_isle_minmay,
          grunt_decor_fettered
D:5:      layout_cave_pods, makhleb_grotto_becter

Skill      XL: |  1  2  3  4  5 |
---------------+----------------+-----
Spellcasting   | 5 |  5.2
Short Blades   | 1 |  1.5
Long Blades    | 1 |  1.5
Axes           | 1 |  1.5
Maces & Flails | 1 |  1.5
Staves         | 1 |  1.5
Slings         | 1 |  1.5
Bows           | 1 |  1.5
Crossbows      | 1 |  1.5
Stealth        | 1 |  1.5
Shields        | 1 |  1.5
Unarmed Combat | 1 |  1.5
Invocations    | 1 |  1.7
Evocations     | 1 |  1.5
Conjurations   | 1 |  1.2
Hexes          | 1 |  1.2
Summonings     | 1 |  1.2
Necromancy     | 1 |  1.2
Transmutations | 1 |  1.2
Fire Magic     | 1 |  1.2
Ice Magic      | 1 |  1.2
Air Magic      | 1 |  1.2
Earth Magic    | 1 |  1.2
Poison Magic   | 1 |  1.2
Throwing       | 3 |  3.0
Armour         | 3 |  3.0
Fighting       | |  4.8
Polearms       | |  4.8
Dodging        | |  4.8
Translocations | |  5.5

Action                   |  1- 3 |  4- 6 || total
-------------------------+-------+-------++-------
Melee: Spear             |   141 |   166 ||   307
       Bite              |    13 |    23 ||    36
       Punch             |     1 |     2 ||     3
       Short sword       |       |    26 ||    26
Throw: Boomerang         |       |     2 ||     2
 Stab: Sleeping          |     1 |     6 ||     7
       Distracted        |     1 |       ||     1
Armor: Leather armour    |    31 |    39 ||    70
Dodge: Dodged            |    66 |    79 ||   145
